Map: Daybreak LE (Void)

Players

Fropez

  • Race: Protoss Protoss
  • League: Gold
  • Spawn Location: 7:00

Usul - Winner!

  • Race: Zerg Zerg
  • League: Gold
  • Spawn Location: 1:00

VOD

Have the link to the VOD?

Description

Time

  • Played on: Dec. 7, 2016, 11:28 a.m.
  • Length: 29:12
Show
View Real Time Build Order
Export as new Build Order

Fropez Protoss 

Build Orders: 1 Gate Expand 

Get SALT Encoding   

  12  0:00  Probe (Chrono Boost)  
  13  0:20  Pylon, Probe (Chrono Boost)  
  14  0:34  Probe (Chrono Boost)  
  15  0:39  Gateway  
  15  0:44  Probe (Chrono Boost)  
  16  0:51  Assimilator  
  16  0:55  Probe (Chrono Boost)  
  17  1:15  Probe (Chrono Boost)  
  18  1:24  Nexus  
  18  1:29  Probe (Chrono Boost)  
  18  1:36  Pylon  
  18  1:57  Cybernetics Core  
  18  2:05  Probe (Chrono Boost)  
  18  2:07  Assimilator  
  19  2:16  Gateway  
  19  2:21  Probe (Chrono Boost)  
  20  2:31  Probe (Chrono Boost)  
  20  2:35  Mothership Core (Chrono Boost)  
  23  2:39  Stalker  
  23  2:41  Probe (Chrono Boost)  
  23  2:42  Warp Gate (Chrono Boost)  
  26  2:53  Pylon, Probe x2  
  28  3:05  Adept, Probe  
  30  3:08  Probe  
  32  3:16  Adept  
  34  3:20  Probe  
  34  3:21  Probe  
  36  3:33  Probe  
  37  3:35  Twilight Council  
  37  3:36  Adept  
  39  3:41  Probe  
  39  3:48  Probe  
  41  3:52  Probe  
  41  3:53  Assimilator  
  42  3:58  Pylon  
  42  4:00  Probe  
  43  4:09  Adept  
  43  4:10  Gateway  
  43  4:13  Adept  
  45  4:21  Probe  
  45  4:22  Probe  
  45  4:23  Resonating Glaives (Chrono Boost)  
  47  4:32  Probe  
  47  4:34  Probe  
  49  4:50  Probe x2  
  49  5:06  Probe  
  49  5:07  Probe  
  51  5:14  Nexus, Assimilator  
  51  5:17  Pylon  
  51  5:18  Probe  
  51  5:19  Probe  
  53  5:22  Pylon  
  53  5:28  Assimilator  
  53  5:33  Adept  
  53  5:34  Adept x2  
  59  5:39  Probe  
  59  5:40  Probe  
  61  5:46  Forge  
  61  5:48  Gateway  
  61  5:57  Gateway  
  61  6:05  Gateway  
  61  6:07  Probe x2  
  61  6:09  Pylon  
  61  6:10  Adept x3  
  69  6:19  Probe  
  70  6:26  Gateway  
  70  6:29  Probe  
  70  6:30  Pylon  
  70  6:32  Pylon, Protoss Ground Weapons Level 1 (Chrono Boost)  
  71  6:33  Pylon, Probe  
  71  6:35  Probe  
  73  6:46  Adept x3  
  73  6:47  Adept  
  81  6:58  Gateway  
  81  7:01  Gateway  
  65  7:17  Photon Cannon  
  65  7:19  Photon Cannon  
  65  7:22  Photon Cannon  
  65  7:24  Gateway  
  65  7:25  Probe x2  
  65  7:28  Pylon  
  67  7:32  Probe, Photon Cannon  
  69  7:37  Probe  
  69  7:41  Pylon  
  69  7:44  Pylon  
  69  7:45  Blink  
  69  7:49  Pylon  
  69  7:56  Stalker x3  
  69  7:57  Stalker x3  
  69  7:58  Pylon  
  81  8:04  Probe x2  
  83  8:10  Assimilator  
  83  8:14  Protoss Ground Weapons Level 2 (Chrono Boost)  
  83  8:20  Sentry x2  
  83  8:21  Sentry x5  
  83  8:22  Sentry  
  99  8:42  Probe x2  
  99  8:45  Robotics Facility  
  101  8:50  Robotics Facility  
  101  8:52  Pylon  
  101  9:06  Pylon  
  101  9:14  Adept x3  
  101  9:15  Adept x6  
  101  9:16  Adept  
  121  9:25  Probe x2  
  123  9:36  Stalker  
  123  9:38  Stalker  
  127  10:05  Stalker x2  
  127  10:06  Stalker x3  
  127  10:07  Stalker x5  
  139  10:12  Protoss Ground Armor Level 1 (Chrono Boost)  
  147  10:24  Gateway  
  141  10:29  Gateway  
  141  10:32  Photon Cannon  
  127  10:36  Pylon x2  
  79  11:34  Stalker x5  
  79  11:35  Stalker  
  79  11:36  Stalker x4  
  93  11:41  Gateway  
  83  11:51  Protoss Ground Armor Level 2 (Chrono Boost)  
  83  11:54  Immortal (Chrono Boost)  
  83  11:55  Immortal (Chrono Boost)  
  83  12:00  Stalker x2  
  95  12:03  Stalker x2  
  95  12:04  Stalker x5  
  95  12:05  Stalker x3  
  115  12:12  Nexus  
  115  12:14  Pylon  
  115  12:18  Pylon  
  115  12:21  Pylon  
  115  12:26  Assimilator  
  123  12:30  Assimilator, Immortal x2 (Chrono Boost)  
  123  12:37  Pylon  
  123  12:39  Pylon  
  123  12:42  Pylon  
  123  12:45  Pylon  
  123  12:51  Pylon, Zealot  
  125  12:53  Pylon  
  125  12:56  Pylon  
  117  12:58  Pylon  
  117  13:04  Stalker  
  117  13:05  Stalker x3  
  117  13:08  Stalker  
  117  13:09  Stalker x3  
  117  13:10  Stalker  
  99  13:33  Stalker x5  
  107  13:34  Stalker  
  109  13:48  Probe  
  109  13:50  Probe x3  
  113  14:00  Gateway  
  113  14:01  Gateway  
  113  14:04  Photon Cannon  
  113  14:08  Photon Cannon  
  113  14:11  Protoss Ground Weapons Level 3  
  113  14:12  Gateway  
  113  14:24  Photon Cannon  
  113  14:26  Photon Cannon  
  113  14:43  Pylon x2  
  113  14:46  Pylon  
  113  14:50  Templar Archives  
  113  14:56  Robotics Bay  
  113  15:14  Pylon  
  113  15:18  Adept x6, Pylon  
  113  15:19  Adept x4  
  133  16:01  Stalker x5  
  133  16:02  Stalker x5  
  133  16:03  Stalker x2  
  155  16:08  Pylon  
  155  16:11  Psionic Storm  
  155  16:15  Observer  
  155  16:16  Observer Gravitic Boosters (Chrono Boost)  
  155  16:18  Observer, Gateway  
  157  16:29  Colossus  
  157  16:38  Colossus  
  169  16:47  Stalker x2  
  128  17:42  Stalker x3  
  128  17:43  Stalker x4  
  128  17:44  Stalker x5  
  152  18:12  High Templar x6  
  162  18:13  High Templar x4  
  162  18:14  High Templar  
  162  18:16  Archon x3  
  162  18:17  Archon x2  
  174  18:30  Extended Thermal Lance (Chrono Boost)  
  162  18:59  Zealot x6  
  162  19:00  Zealot x5  
  162  19:01  Zealot x2  
  176  19:29  Nexus  
  176  19:44  Pylon  
  171  19:48  Pylon  
  148  20:02  Protoss Ground Armor Level 3  
  148  20:18  Charge (Chrono Boost)  
  148  20:24  Pylon  
  140  20:44  Assimilator  
  140  20:48  Assimilator  
  140  20:53  Pylon  
  140  21:02  Photon Cannon  
  140  21:03  Stalker x2  
  140  21:04  Stalker x2  
  146  21:05  Stalker x5  
  146  21:07  Photon Cannon  
  148  21:38  Zealot  
  148  21:39  Zealot x6  
  162  21:40  Zealot x3  
  124  22:24  Protoss Shields Level 1  
  124  22:29  Observer x2 (Chrono Boost)  
  126  22:49  Observer (Chrono Boost)  
  127  22:56  Stalker  
  127  22:57  Stalker x5  
  127  22:58  Stalker x5  
  121  23:32  Zealot x2  
  121  23:33  Zealot x4  
  121  23:34  Zealot x6  
  131  23:35  Zealot x3  
  97  24:37  Zealot x5  
  97  24:38  Zealot x6  
  111  24:39  Zealot x4  
  111  24:56  Nexus  
  111  24:59  Pylon  
  103  25:02  Photon Cannon  
  103  25:06  Photon Cannon  
  103  25:07  Photon Cannon  
  103  25:10  Pylon, Assimilator  
  103  25:13  Pylon  
  103  25:16  Pylon  
  89  25:47  Zealot x5  
  89  25:48  Zealot x6  
  107  25:50  High Templar x4  
  107  25:54  Archon  
  107  25:55  Archon  
  113  25:59  Assimilator  
  105  26:04  Photon Cannon  
  105  26:07  Gateway  
  105  26:09  Gateway, Zealot x2  
  107  26:11  Photon Cannon  
  107  26:12  Zealot  
  107  26:17  Zealot  
  109  26:21  Adept  
  105  26:36  High Templar  
  105  26:37  High Templar  
  105  26:38  High Templar  
  111  26:43  High Templar  
  111  26:44  Archon  
  89  26:59  Archon  
  89  27:29  Stalker x2  
  81  27:30  Stalker x6  
  89  27:42  Stalker  
  89  27:43  Stalker  
  58  28:48  Zealot  
  58  28:49  Zealot x5  
  58  28:50  Zealot x5  
  58  28:51  Zealot  
Show
View Real Time Build Order
Export as new Build Order

Usul Zerg - Winner!

Build Orders: Hatch First 

Get SALT Encoding   

  12  0:02  Drone  
  13  0:13  Overlord  
  13  0:18  Drone  
  14  0:32  Drone x2  
  16  0:40  Drone  
  17  0:55  Hatchery  
  17  0:56  Drone  
  17  1:03  Extractor  
  16  1:06  Drone  
  17  1:22  Spawning Pool  
  16  1:41  Drone x3  
  19  2:07  Overlord  
  19  2:13  Drone x2  
  19  2:14  Roach Warren  
  19  2:15  Evolution Chamber, Queen  
  22  2:22  Queen  
  23  2:30  Drone  
  23  2:34  Zergling x2  
  25  2:44  Metabolic Boost  
  25  2:50  Drone  
  25  2:51  Drone  
  27  2:53  Drone  
  28  3:05  Zergling x4  
  30  3:09  Drone  
  31  3:24  Drone x3  
  31  3:26  Pneumatized Carapace, Baneling Nest  
  33  3:30  Zergling x6  
  36  3:39  Spine Crawler  
  35  3:51  Drone  
  35  3:53  Overlord x2  
  35  4:11  Drone x2  
  35  4:13  Roach x2  
  41  4:19  Queen  
  41  4:23  Drone x2  
  45  4:29  Drone  
  45  4:30  Drone  
  47  4:39  Lair  
  47  4:42  Extractor  
  47  4:45  Hatchery  
  44  5:07  Ravager x2  
  45  5:13  Extractor  
  45  5:14  Extractor  
  44  5:26  Drone x3  
  47  6:00  Zergling x2, Drone x4  
  47  6:01  Zergling x12  
  58  6:04  Centrifical Hooks  
  58  6:12  Hydralisk Den  
  58  6:15  Drone  
  58  6:33  Extractor x2  
  56  6:49  Zerg Melee Weapons Level 1  
  56  6:52  Roach  
  56  6:53  Glial Reconstitution  
  58  6:57  Overlord x5  
  58  6:58  Overlord x2  
  50  7:08  Drone  
  50  7:09  Drone x4  
  50  7:14  Spine Crawler  
  51  7:21  Overseer  
  51  7:33  Spore Crawler  
  51  7:35  Zergling x6  
  51  7:36  Zergling x8, Roach  
  63  7:37  Roach x6  
  63  7:41  Ravager  
  72  7:49  Drone  
  72  7:50  Lurker Den  
  73  8:11  Zergling x4  
  73  8:12  Zergling x10  
  80  8:19  Hydralisk  
  82  8:20  Hydralisk x7  
  82  8:26  Drone  
  82  8:27  Drone x2  
  99  8:32  Drone x2  
  101  8:36  Baneling x3  
  101  8:38  Baneling x2  
  101  8:40  Baneling  
  101  8:41  Baneling  
  101  8:54  Zerg Ground Armor Level 1  
  101  8:56  Overlord  
  101  8:58  Drone  
  102  9:05  Drone x4  
  106  9:19  Drone x6  
  106  9:23  Ravager  
  113  9:44  Spore Crawler  
  112  9:46  Overlord  
  112  9:47  Overlord x2  
  112  9:56  Grooved Spines  
  112  9:59  Evolution Chamber  
  111  10:06  Infestation Pit  
  110  10:22  Hydralisk x4  
  110  10:23  Hydralisk x2  
  119  10:34  Baneling x4  
  119  10:35  Baneling x5  
  117  10:36  Baneling x4  
  117  10:38  Roach x2  
  117  10:39  Roach x3  
  117  10:40  Zergling x12  
  133  10:49  Overseer x2  
  112  11:31  Zergling x2  
  112  11:32  Zergling x14  
  120  11:33  Zergling x6  
  121  11:47  Ravager x2  
  121  11:48  Ravager x4  
  121  11:52  Hive  
  121  11:53  Pathogen Glands  
  127  11:55  Zerg Melee Weapons Level 2  
  127  12:00  Zerg Missile Weapons Level 1  
  127  12:12  Queen x2  
  131  12:16  Overlord  
  131  12:17  Overlord x4  
  131  12:21  Hatchery  
  130  12:35  Hydralisk x2  
  130  12:36  Hydralisk x6  
  130  12:37  Hydralisk  
  142  12:43  Baneling x2  
  148  12:45  Baneling x8  
  148  12:46  Baneling x3  
  148  12:47  Queen  
  108  13:23  Zergling x10  
  92  13:29  Zergling x12  
  98  13:36  Zergling x10  
  103  13:47  Drone  
  104  13:49  Drone  
  104  13:50  Drone  
  106  14:04  Zerg Ground Armor Level 2  
  106  14:11  Spire  
  105  14:17  Infestor x3  
  105  14:18  Infestor  
  105  14:22  Drone x5  
  105  14:23  Drone x4  
  122  14:26  Extractor x2  
  120  14:50  Hydralisk x6  
  120  14:51  Hydralisk x2  
  136  15:06  Overlord x2  
  136  15:20  Drone x2  
  136  15:21  Drone  
  163  15:41  Lurker x3  
  163  15:42  Lurker x5  
  171  15:43  Lurker  
  172  15:54  Burrow  
  172  16:21  Swarm Host  
  196  16:27  Baneling x2  
  196  16:28  Baneling x6  
  196  16:29  Baneling  
  166  17:56  Corruptor x7  
  166  17:57  Corruptor x2  
  184  18:01  Greater Spire  
  184  18:25  Hatchery  
  183  18:50  Hatchery  
  175  19:13  Infestor x3  
  175  19:14  Infestor  
  175  19:16  Corruptor x2  
  175  19:17  Corruptor, Hydralisk x3  
  175  19:18  Hydralisk x6  
  199  19:25  Hydralisk x10  
  199  19:26  Hydralisk x2  
  196  19:35  Baneling x2  
  196  19:36  Baneling  
  187  19:51  Hydralisk x6  
  147  20:07  Brood Lord x2  
  147  20:08  Corruptor x3, Brood Lord  
  147  20:09  Corruptor x4  
  167  20:30  Lurker x6  
  165  21:23  Brood Lord x5  
  165  21:24  Zergling x4  
  165  21:25  Zergling x12  
  173  22:29  Corruptor x3  
  173  22:30  Corruptor  
  173  22:31  Zergling x12  
  173  22:32  Zergling x6  
  152  23:58  Zergling x2  
  152  23:59  Zergling x16  
  142  24:43  Brood Lord x3  
  145  25:06  Hatchery  
  142  25:07  Extractor  
  142  25:09  Extractor  
  136  25:45  Hatchery  
  135  26:06  Hatchery  
  134  26:29  Drone  
  134  26:30  Drone  
  136  27:18  Lair  
  128  28:05  Drone x2  
  121  28:06  Drone  
Tags
 
Add a new tag
Caveats
  • Supply blocks, unpowered buildings, or Contaminate may cause inaccurate times.
  • Supply counts are checked every 10 seconds.